 Dungeon Crawl Stone Soup version 0.28.0-53-g5a82cb258f (webtiles) character file.

Game seed: 4139795256974051788

1192 Descartes the Sneak (level 8, -3/41 HPs)
             Began as a Deep Elf Air Elementalist on June 7, 2022.
             Slain by Prince Ribbit (18 damage)
             ... on level 5 of the Dungeon.
             The game lasted 00:15:45 (6047 turns).

Descartes the Sneak (Deep Elf Air Elementalist)     Turns: 6047, Time: 00:15:47

Health: -3/41      AC:  5    Str:  7    XL:     8   Next: 20%
Magic:  11/17      EV: 14    Int: 27    God:
Gold:   319        SH:  0    Dex: 15    Spells: 9/17 levels left

rFire   . . .      SeeInvis .   u - +2 whip (elec)
rCold   + . .      Faith    .   (no shield)
rNeg    . . .      Spirit   .   p - +2 robe {rC+}
rPois   .          Reflect  .   h - +0 helmet
rElec   .          Harm     .   (no cloak)
rCorr   .          Rampage  .   (no gloves)
Will    .....                   (no boots)
Stlth   +++.......              (no amulet)
HPRegen 0.13/turn               r - +6 ring of intelligence
MPRegen 0.15/turn               (no ring)

@: no status effects
A: no striking features
a: no special abilities


You were on level 5 of the Dungeon.
You visited 1 branch of the dungeon, and saw 5 of its levels.

You collected 319 gold pieces.

Inventory:

Hand Weapons
 b - a +0 dagger
 g - a +0 quarterstaff
 u - a +2 whip of electrocution (weapon)
Missiles
 c - 28 arrows
 d - 256 stones
 s - 3 boomerangs
 v - 71 sling bullets
 x - 30 bolts
 A - a throwing net
Armour
 a - the +5 chain mail of Yesterday {Str+7 Stlth+}
   (You found it on level 4 of the Dungeon)

   Str:       It affects your strength (+7).
   Stlth:     It makes you more stealthy.
 h - a +0 helmet (worn)
 p - a +2 robe of cold resistance (worn)
 y - a +2 robe of fire resistance
Jewellery
 r - a +6 ring of intelligence (left hand)
Wands
 o - a wand of flame (13)
 w - a wand of acid (18)
Scrolls
 i - a scroll of blinking {unknown}
 k - a scroll of identify
 m - a scroll of torment {unknown}
 n - a scroll of teleportation {unknown}
 q - a scroll of magic mapping {unknown}
 B - a scroll of fear
 D - a scroll of amnesia {unknown}
Potions
 e - a potion of attraction
 f - 2 potions of brilliance
 j - a potion of lignification {unknown}
 l - 2 potions of curing
 t - a potion of resistance {unknown}
 z - a potion of ambrosia {unknown}
 C - a potion of heal wounds {unknown}


   Skills:
 + Level 5.9 Dodging
 + Level 6.5 Stealth
 - Level 5.0 Spellcasting
 + Level 5.1 Conjurations
 + Level 5.5 Air Magic


You had 9 spell levels left.
You knew the following spells:

 Your Spells              Type           Power      Damage    Failure   Level
a - Shock                 Conj/Air       100%       1d9       1%          1
b - Static Discharge      Conj/Air       35%        N/A       1%          2
c - Airstrike             Air            18%        N/A       8%          4
d - Magic Dart            Conj           100%       1d8       1%          1

Your spell library contained the following spells:

 Spells                   Type           Power      Damage    Failure   Level
 Searing Ray              Conj           68%        2d6       1%          2
 Swiftness                Air            36%        N/A       2%          3
 Scorch                   Fire           12%        2d5       11%         2
 Ignite Poison            Fire/Tmut/Pois 6%         N/A       22%         3
 Flame Wave               Conj/Fire      20%        2d7       26%         4
 Fulminant Prism          Conj/Hex       10%        3d9       26%         4
 Summon Cactus Giant      Summ           3%         N/A       100%        6
 Lehudib's Crystal Spear  Conj/Erth      10%        10d4      100%        8


Dungeon Overview and Level Annotations

Branches:
Dungeon (5/15)
 Temple: D:4-7

Altars:
Yredelemnul

Annotations:
D:5 Prince Ribbit


Message History

Casting: Shock (safe; 1% risk of failure)
Confirm with . or Enter, or press ? or * to list all spells.
Aiming: Shock (safe; 1% risk of failure)
Press: ? - help, Shift-Dir - straight line, f/p - Prince Ribbit
Aim: Prince Ribbit (lightly wounded, 54% to hit)
The zap hits Prince Ribbit.
Prince Ribbit is lightly wounded.
The zap hits Prince Ribbit.
Prince Ribbit is lightly wounded.
Casting: Shock (safe; 1% risk of failure)
Confirm with . or Enter, or press ? or * to list all spells.
Aiming: Shock (safe; 1% risk of failure)
Press: ? - help, Shift-Dir - straight line, p - Prince Ribbit The zap misses Prince Ribbit. x2; Prince Ribbit hits you!
Casting: Shock (safe; 1% risk of failure)
Confirm with . or Enter, or press ? or * to list all spells.
Aiming: Shock (safe; 1% risk of failure)
Press: ? - help, Shift-Dir - straight line The zap hits Prince Ribbit!
Prince Ribbit is moderately wounded.
The zap hits Prince Ribbit!
Prince Ribbit is heavily wounded.
Prince Ribbit barely misses you.
Casting: Shock (safe; 1% risk of failure)
Confirm with . or Enter, or press ? or * to list all spells.
Aiming: Shock (safe; 1% risk of failure)
Press: ? - help, Shift-Dir - straight line The zap misses Prince Ribbit.
The zap hits Prince Ribbit.
Prince Ribbit is severely wounded.
Prince Ribbit barely misses you. Prince Ribbit hits you!
Casting: Shock (safe; 1% risk of failure)
Confirm with . or Enter, or press ? or * to list all spells.
Aiming: Shock (safe; 1% risk of failure)
Press: ? - help, Shift-Dir - straight line The zap hits Prince Ribbit.
Prince Ribbit is severely wounded.
The zap hits Prince Ribbit!
Prince Ribbit is almost dead.
Prince Ribbit hits you!!
You die...

.....................##
#.#
......................#
......................#
......................#
..............<.......#
......................#
..)...................#
......#..............##
......##.....##.@F..##
....#.#####...#####..#
#####....##.#..### .#
#######....รท.....# ..
..#...#..........# .#
#.....#..........# ..
##................. .
.##...#..........##
.>....#..........#


You could see Prince Ribbit.

Vanquished Creatures
  Pikel (D:4)
  2 necrophages (D:5)
  A phantom (D:5)
  A bullfrog zombie (D:5)
  A hound (D:5)
  2 jellies
  Natasha (thrice) (D:4)
  An iguana (D:5)
  A hound skeleton (D:4)
  Robin (D:2)
  7 gnolls
  4 adders
  2 worms
  An adder skeleton (D:4)
  2 dart slugs
  5 orcs
  8 ball pythons
  9 endoplasms
  A giant cockroach (D:3)
  10 goblins
  12 hobgoblins
  5 jackals
  2 quokkas
  5 bats
  4 frilled lizards (D:1)
  2 kobolds (D:1)
  5 rats
98 creatures vanquished.

Vanquished Creatures (others)
  7 demonic plants (D:2)
  11 fungi (D:2)
  23 plants
  A withered plant (D:2)
42 creatures vanquished.

Grand Total: 140 creatures vanquished

Notes
Turn   | Place    | Note
-------+----------+-------------------------------------------
     0 | D:1      | Descartes the Deep Elf Air Elementalist began the quest for
                  | the Orb.
     0 | D:1      | Reached XP level 1. HP: 10/10 MP: 6/6
   303 | D:1      | Reached XP level 2. HP: 15/15 MP: 1/8
   695 | D:1      | Reached skill level 3 in Stealth
   766 | D:1      | Reached XP level 3. HP: 16/19 MP: 0/9
  1242 | D:2      | Noticed Robin
  1249 | D:2      | Killed Robin
  1734 | D:2      | Reached XP level 4. HP: 24/24 MP: 5/11
  2000 | D:2      | Found a faded altar of an unknown god.
  3018 | D:3      | Found a basalt altar of Yredelemnul.
  3538 | D:4      | Reached XP level 5. HP: 17/28 MP: 6/13
  3640 | D:4      | Learned a level 2 spell: Static Discharge
  3645 | D:4      | Learned a level 4 spell: Airstrike
  3647 | D:4      | Learned a level 1 spell: Magic Dart
  3727 | D:4      | Noticed Natasha
  3756 | D:4      | Killed Natasha
  3757 | D:4      | Reached skill level 4 in Stealth
  4041 | D:4      | Noticed Natasha
  4044 | D:4      | Killed Natasha
  4055 | D:4      | Noticed Natasha
  4058 | D:4      | Killed Natasha
  4250 | D:4      | Reached XP level 6. HP: 30/32 MP: 6/14
  4397 | D:4      | Got the Reference Book on Lethal Ignition
  4431 | D:4      | Identified the +5 chain mail of Yesterday {Str+7 Stlth+}
  4748 | D:5      | Entered Level 5 of the Dungeon
  4970 | D:5      | Reached skill level 5 in Spellcasting
  5012 | D:5      | Noticed Pikel
  5341 | D:4      | Killed Pikel
  5342 | D:4      | Reached skill level 5 in Dodging
  5342 | D:4      | Reached skill level 6 in Stealth
  5342 | D:4      | Reached skill level 5 in Air Magic
  5342 | D:4      | Reached XP level 7. HP: 19/36 MP: 5/16
  5576 | D:5      | Reached XP level 8. HP: 32/41 MP: 4/17
  5855 | D:5      | Reached skill level 5 in Conjurations
  6039 | D:5      | Noticed Prince Ribbit
  6047 | D:5      | Slain by Prince Ribbit

Illustrated notes

Levels and vault maps discovered:
D:1:      matt_arrival_spirals, layout_basic
D:2:      layout_basic, serial_curves, eino_curves_03, eino_curves_04,
          eino_curves_04, shapermc_ecumenical_altar_gd, uniq_robin
D:3:      layout_basic, mainiacjoe_overflow_catwalk, due_unseen_surprise
D:4:      layout_rooms, serial_bayou, serial_bayou_crossing,
          serial_bayou_lake_a, serial_bayou_shore_a, serial_bayou_ford_a,
          uniq_natasha
D:5:      layout_rooms, uniq_prince_ribbit1, uniq_pikel

Skill      XL: |  1  2  3  4  5  6  7  8 |
---------------+-------------------------+-----
Stealth        | 3 4 6 |  6.5
Dodging        | 3 5 |  5.9
Conjurations   | 2 3 4 5 |  5.1
Spellcasting   | 4 5 |  5.0
Air Magic      | 4 5 |  5.5

Action                   |  1- 3 |  4- 6 |  7- 9 || total
-------------------------+-------+-------+-------++-------
Melee: Dagger            |     3 |       |       ||     3
       Punch             |     1 |       |       ||     1
 Cast: Shock             |    90 |   141 |    38 ||   269
       Static Discharge  |       |     6 |     3 ||     9
       Airstrike         |       |     2 |       ||     2
Evoke: Wand              |       |     2 |       ||     2
  Use: Scroll            |       |     3 |     1 ||     4
Armor: Robe              |     1 |     3 |       ||     4
Dodge: Dodged            |    10 |    14 |     6 ||    30
